 Dungeon Crawl Stone Soup version 0.29-a0-824-gd827844252 (webtiles) character file.

Game seed: 2617975535770020762

30 coolguy69 the Cutter (level 3, -6/19 HPs)
             Began as a Vine Stalker Monk on July 10, 2022.
             Mangled by a gnoll
             ... wielding a +2 halberd of protection
              (8 damage)
             ... on level 2 of the Dungeon.
             The game lasted 00:00:57 (1648 turns).

coolguy69 the Cutter (Vine Stalker Monk)            Turns: 1648, Time: 00:00:58

Health: -6/19      AC:  2    Str: 15    XL:     3   Next: 18%
Magic:  0/4        EV: 13    Int: 10    God:
Gold:   56         SH:  0    Dex: 16    Spells: 2/2 levels left

rFire   . . .      SeeInvis .   a - +0 short sword
rCold   . . .      Faith    .   (no shield)
rNeg    . . .      Spirit   +   b - +0 robe
rPois   .          Reflect  .   (no helmet)
rElec   .          Harm     .   (no cloak)
rCorr   .          Rampage  .   (no gloves)
Will    .....                   (no boots)
Stlth   ++........              (no amulet)
HPRegen 0.06/turn               (no ring)
MPRegen 0.09/turn               (no ring)

@: studying Unarmed Combat
A: fangs 2, magic shield, antimagic bite, no potion heal 2
a: no special abilities


You were on level 2 of the Dungeon.
You visited 1 branch of the dungeon, and saw 2 of its levels.

You collected 56 gold pieces.

Inventory:

Hand Weapons
 a - a +0 short sword (weapon)
Armour
 b - a +0 robe (worn)
Scrolls
 e - a scroll of brand weapon {unknown}
 f - a scroll of identify {unknown}
Potions
 c - a potion of ambrosia
 d - a potion of heal wounds {unknown}
 g - a potion of curing {unknown}
 h - a potion of attraction {unknown}


   Skills:
 + Level 2.9 Fighting
 + Level 3.1 Short Blades
 + Level 2.7 Dodging
 + Level 3.0 Stealth


You had 2 spell levels left.
You didn't know any spells.
Your spell library was empty.

Dungeon Overview and Level Annotations

Branches:
Dungeon (2/15)

Altars:


Innate Abilities, Weirdness & Mutations

You have extremely sharp teeth.
When hurt, damage is shared between your health and your magic reserves.
Your bite disrupts and absorbs the magic of your enemies.
Potions cannot restore your health.


Message History

No target in view!
You pick up a manual of Unarmed Combat and begin studying.
Found a stone staircase leading down.
No target in view!
g - a silvery potion No target in view!
Found a stone staircase leading down.
No target in view!
Found a leather armour.
There is a stone staircase leading down here.
No target in view!
h - a glowing dark potion No target in view! 2 gnolls come into view.
A gnoll is wielding a +2 halberd of protection.
Found a twisted glass wand.
A gnoll comes into view. It is wielding a +0 halberd.
The gnoll shouts!
There are monsters nearby!
There is an open door here.
There are monsters nearby!
The gnoll shouts! x2
The gnoll closely misses you.
There are monsters nearby!
The gnoll hits you with a +2 halberd of protection.
The gnoll hits you from afar with a +0 halberd!
Ouch! That really hurt!
* * * LOW HITPOINT WARNING * * *
The gnoll attacks as you move away! The gnoll closely misses you.
The gnoll barely misses you.
There is an open door here.
A goblin comes into view. It is wielding a +0 dagger.
Unknown command.
The gnoll misses you. The gnoll barely misses you.
Found a fizzy orange potion.
The gnoll hits you from afar with a +2 halberd of protection.
* * * LOW HITPOINT WARNING * * *
The gnoll hits you from afar with a +2 halberd of protection!
You die...

........g.g...# .....########.#
.....# #.# ..g.g# ###.####
.....# #......# ....## #.#g##.#
# ### .....## ##..gg..# #.##.##
......####....#..#####.#...####
......+.........@.............+
......####..........##.#...####
.....## ##..##..#..# ##<.#
....## #......#..##.###.###
...## #......##..##.......#
.#..# ...#.#####..######.#.#
##./# #..!#.#####..######.#.#
##. .## #...............#.#
.###############.#


You could see 3 gnolls.

Vanquished Creatures
  A dart slug (D:1)
  2 bats (D:1)
  3 endoplasms (D:1)
  2 giant cockroaches (D:1)
  2 goblins (D:1)
  A hobgoblin (D:1)
  3 quokkas (D:1)
  2 ball pythons (D:1)
  A frilled lizard (D:1)
  4 kobolds (D:1)
  5 rats (D:1)
26 creatures vanquished.

Notes
Turn   | Place    | Note
-------+----------+-------------------------------------------
     0 | D:1      | coolguy69 the Vine Stalker Monk began the quest for the
                  | Orb.
     0 | D:1      | Reached XP level 1. HP: 11/11 MP: 2/2
   244 | D:1      | Found a faded altar of an unknown god.
   385 | D:1      | Reached XP level 2. HP: 16/16 MP: 3/3
   968 | D:1      | Reached XP level 3. HP: 19/19 MP: 4/4
  1648 | D:2      | Mangled by a gnoll

Illustrated notes

Levels and vault maps discovered:
D:1:      dpeg_arrival_rhombi, layout_basic, hellmonk_ecumenical_altar_zigzags
D:2:      layout_loops_corners, nicolae_eternal_life, minmay_tetromino_t2

Skill      XL: |  1  2  3 |
---------------+----------+-----
Short Blades   | 3 |  3.1
Stealth        | 3 |  3.0
Fighting       | |  2.9
Dodging        | |  2.7

Action                   || total
-------------------------++-------
Melee: Short sword       ||    49
       Bite              ||    12
 Stab: Sleeping          ||     9
Armor: Robe              ||     5
Dodge: Dodged            ||    29

Table legend: (Time is in decaauts)
 A = Elapsed time spent in this place.
 B = Non-inter-level travel time spent in this place.
 C = Inter-level travel time spent in this place.
 D = Time resting spent in this place.
 E = Time spent auto-exploring this place.
 F = Levels seen in this place.
 G = Mean time per level.
                   A        B        C        D        E       F      G
               +--------+--------+--------+--------+--------+-----+--------+
         Total |   1645 |   1589 |     56 |    219 |   1179 |   2 |  822.5 |
       Dungeon |   1645 |   1589 |     56 |    219 |   1179 |   2 |  822.5 |
               +--------+--------+--------+--------+--------+-----+--------+

Top non-repeatable levels by time:
     D:1: 1545 daAuts
     D:2: 99 daAuts
